 Dungeon Crawl Stone Soup version 0.30-b1-2-g02819fbbbe (webtiles) character file.

Game seed: 8107915035128374800

224 raph the Digger (level 5, -2/28 HPs)
             Began as a Deep Elf Earth Elementalist on May 21, 2023.
             Slain by an iguana (6 damage)
             ... on level 4 of the Dungeon.
             The game lasted 00:07:11 (3926 turns).

raph the Digger (Deep Elf Earth Elementalist)       Turns: 3926, Time: 00:07:11

Health: -2/28      AC:  4    Str:  5    XL:     5   Next: 67%
Magic:  4/11       EV: 12    Int: 22    God:
Gold:   98         SH:  0    Dex: 15    Spells: 0/10 levels left

rFire   + + .        a - +2 short sword (speed)
rCold   + . .        (no shield)
rNeg    . . .        o - +1 robe
rPois   .            q - +0 helmet
rElec   .            s - scarf {rC+ rF+}
rCorr   .            (no gloves)
SInv    .            (no boots)
Will    .....        (no amulet)
Stlth   ++           l - ring of protection from fire
HPRegen 0.24/turn    (no ring)
MPRegen 0.12/turn

%: no passive effects
@: lethally poisoned (-2 -> -13), about to teleport
A: no striking features
a: no special abilities


You were on level 4 of the Dungeon.
You visited 1 branch of the dungeon, and saw 4 of its levels.

You collected 228 gold pieces.
You spent 130 gold pieces at shops.

Inventory:

Hand Weapons
 a - a +2 short sword of speed (weapon)
 c - a +0 short sword
 g - a +0 sling
Missiles
 n - 5 poisoned darts
Armour
 o - a +1 robe (worn)
 q - a +0 helmet (worn)
 s - a scarf of resistance (worn)
Magical Staves
 p - a staff of death
Jewellery
 d - a +6 ring of strength
 l - a ring of protection from fire (left hand)
 m - a ring of ice
Wands
 r - a wand of iceblast (5)
 v - a wand of flame (19)
Scrolls
 f - 2 scrolls of teleportation
 j - a scroll of poison
 w - 2 scrolls of identify
 x - a scroll of enchant armour
Potions
 b - 2 potions of magic
 e - 2 potions of attraction
 h - a potion of mutation
 i - a potion of flight
 k - 2 potions of heal wounds {unknown}
 t - 2 potions of curing
 u - a potion of might {unknown}


   Skills:
 + Level 0.1 Fighting
 + Level 2.5 Dodging
 - Level 2.4 Stealth
 + Level 3.1 Spellcasting
 + Level 0.3 Conjurations
 - Level 1.1 Transmutations
 * Level 7.0 Earth Magic


You couldn't memorise any spells.
You knew the following spells:

 Your Spells              Type           Power      Damage    Failure   Level
a - Sandblast             Erth           68%        2d15      1%          1
b - Passwall              Tmut/Erth      17%        N/A       3%          2
c - Stone Arrow           Conj/Erth      38%        3d9       9%          3
d - Petrify               Tmut/Erth      21%        N/A       24%         4

Your spell library contained the following spells:

 Spells                   Type           Power      Damage    Failure   Level
 Necrotise                Necr           12%        1d4       12%         1
 Animate Armour           Summ/Erth      36%        N/A       28%         4
 Dazzling Flash           Conj/Hex       8%         N/A       34%         3
 Vampiric Draining        Necr           3%         2d6       36%         3
 Agony                    Necr           3%         N/A       98%         5
 Silence                  Hex/Air        1%         N/A       98%         5
 Lehudib's Crystal Spear  Conj/Erth      9%         10d4      100%        8


Dungeon Overview and Level Annotations

Branches:
Dungeon (4/15)
 Temple: D:4-7

Altars:

Shops:
D:3 *   D:4 !(:


Message History

A scorpion comes into view.
Casting: Sandblast (safe; 1% risk of failure)
Confirm with . or Enter, or press ? or * to list all spells.
Aiming: Stone Arrow (quite dangerous; 9% risk of failure)
Press: ? - help, Shift-Dir - straight line, f - endoplasm
Aim: an endoplasm (97% to hit)
The stone arrow hits the endoplasm!
You kill the endoplasm!
Casting: Stone Arrow (quite dangerous; 9% risk of failure)
Confirm with . or Enter, or press ? or * to list all spells.
Aiming: Stone Arrow (quite dangerous; 9% risk of failure)
Press: ? - help, Shift-Dir - straight line, f - iguana
Aim: an iguana (72% to hit)
The stone arrow hits the iguana.
The iguana is moderately wounded.
Aiming: Sandblast (safe; 1% risk of failure)
Press: ? - help, Q - select action, (/) - cycle Shift-Dir - straight line, f/p - iguana
Aim: an iguana (moderately wounded, 86% to hit)
The blast of sand hits the iguana but does no damage.
The iguana is moderately wounded.
Aiming: Sandblast (safe; 1% risk of failure)
Press: ? - help, Q - select action, (/) - cycle Shift-Dir - straight line, f/p - iguana
Aim: an iguana (moderately wounded, 86% to hit)
The blast of sand misses the iguana.
The blast of sand hits the scorpion.
The scorpion is lightly wounded.
The iguana bites you! The iguana barely misses you.
The scorpion attacks as you move away! The scorpion stings you.
You are lethally poisoned!
The scorpion poisons you! The iguana attacks as you move away!
The iguana bites you.
* * * LOW HITPOINT WARNING * * *
x2 You feel very sick.
You feel better. The scorpion misses you.
The iguana bites you but does no damage.
As you read the scroll of teleportation, it crumbles to dust.
You feel strangely unstable. The scorpion stings you.
* * * LOW HITPOINT WARNING * * *
You are lethally poisoned!
The scorpion poisons you! The iguana bites you.
You die...

#....#..#.#.#
#....##.#.#.#
#..#.##.#.#.#
#..#.##.#.#.#
#..#.##.#.#.#
#..#.##.#.#.#
#....##.#.#.#
#.......#...#
#..@#########
#.sl# #...#
#..?.# #....#
.....#
.......
........
...#......


You could see a scorpion and an iguana.

Vanquished Creatures
  An orc priest (D:4)
  An orc wizard (D:4)
  Robin (D:2)
  5 adders
  2 dart slugs (D:3)
  8 orcs
  4 bats
  6 endoplasms
  3 giant cockroaches (D:3)
  15 goblins
  13 hobgoblins
  6 jackals
  8 kobolds
  7 quokkas
  6 ball pythons
  5 frilled lizards
  4 rats (D:1)
95 creatures vanquished.

Notes
Turn   | Place    | Note
-------+----------+-------------------------------------------
     0 | D:1      | raph the Deep Elf Earth Elementalist began the quest for
                  | the Orb.
     0 | D:1      | Reached XP level 1. HP: 10/10 MP: 6/6
   142 | D:1      | Reached XP level 2. HP: 15/15 MP: 6/8
   177 | D:1      | Reached skill level 4 in Earth Magic
   476 | D:1      | You fall into a shaft and drop 1 floor!
   487 | D:2      | Reached XP level 3. HP: 19/19 MP: 6/9
   490 | D:2      | Learned a level 2 spell: Passwall
   494 | D:2      | Learned a level 3 spell: Stone Arrow
   561 | D:2      | Identified the amulet of Otzumets {Spirit Rampage rPois}
   978 | D:2      | Noticed Robin
  1272 | D:1      | Reached skill level 5 in Earth Magic
  2110 | D:2      | Reached XP level 4. HP: 24/24 MP: 8/10
  2189 | D:2      | Killed Robin
  2588 | D:3      | Found Nitomyri's Assorted Antiques.
  2626 | D:3      | Bought a shiny wooden wand for 88 gold pieces
  2638 | D:3      | Reached skill level 6 in Earth Magic
  3318 | D:4      | Reached XP level 5. HP: 27/28 MP: 6/11
  3518 | D:3      | Learned a level 4 spell: Petrify
  3524 | D:4      | Found Justusk's Distillery.
  3670 | D:4      | Bought a potion of curing for 42 gold pieces
  3746 | D:4      | Found Ygoreara's Antique Weapon Boutique.
  3779 | D:4      | Found a transporter.
  3779 | D:4      | Found Socranom's Book Emporium.
  3835 | D:4      | Reached skill level 7 in Earth Magic
  3835 | D:4      | Found a transporter.
  3924 | D:4      | HP: 1/28 [poisoned by a scorpion]
  3926 | D:4      | Slain by an iguana

Illustrated notes

Levels and vault maps discovered:
D:1:      zaba_arrival_water, layout_basic
D:2:      layout_loops_ring, uniq_robin
D:3:      layout_rooms, serial_shops, shop, minmay_fractal_squares_gapless_5
D:4:      layout_basic, minmay_temple_entry_statues_pillars, serial_shops,
          nicolae_shop_drivethru, nicolae_shop_tiny_glass,
          nicolae_shop_tiny_glass, shop, uniq_crazy_yiuf_cottage

Skill      XL: |  1  2  3  4  5 |
---------------+----------------+-----
Earth Magic    | 4 5 6 7 |  7.0
Fighting       | |  0.1
Dodging        | |  2.5
Stealth        | |  2.4
Spellcasting   | |  3.1
Conjurations   | |  0.3
Transmutations | |  1.1

Action                     |  1- 3 |  4- 6 || total
---------------------------+-------+-------++-------
  Melee: Short sword       |     1 |    14 ||    15
   Cast: Sandblast         |    65 |    55 ||   120
         Stone Arrow       |     1 |    15 ||    16
         Passwall          |       |     1 ||     1
    Use: Scroll            |     7 |     4 ||    11
         Potion            |       |     1 ||     1
 Armour: Robe              |    10 |    12 ||    22
  Dodge: Dodged            |    19 |    33 ||    52
